AoeStats
← Lord Laggington

Golden Pit

515235187Analyzed
2v2 RM · 16d ago on Oct 21, 2026· 41m 2s· 4 players
Game mode
Random Map
Map size
Medium (4 player)
Population
200
Speed
Normal
Resources
Standard
Victory
Conquest
Starting age
Dark Age
Ending age
Imperial Age
RankedLock teamsTeams togetherTeam positionsShared explorationLock speedFull tech treeHidden civsTurbo modeCheats
Victory
Defeat
🇩🇪 Mongols · Germany
1003
+15
🇩🇪 Malians · Germany
993
+16
vs
🇦🇺 Byzantines · Australia
1000
-48
🇦🇷 Spanish · Argentina
970
-15
SABA
10:47 Feudal Age
12:36 Double-Bit Axe
17:47 Loom
21:28 Castle Age
34:57 Imperial Age
37:08 Town Watch
40:22 Murder Holes
VonCrayCray
9:01 Loom
11:17 Feudal Age
11:52 Double-Bit Axe
11:48 Horse Collar
16:24 Scale Barding Armor
19:42 Forging
27:49 Castle Age
30:10 Light Cavalry
30:52 Husbandry
31:57 Scale Mail Armor
novusb4
7:15 Loom
9:28 Feudal Age
9:57 Man-at-Arms
10:28 Double-Bit Axe
12:46 Horse Collar
16:02 Wheelbarrow
21:25 Castle Age
20:15 Scale Mail Armor
20:06 Fletching
20:15 Gold Mining
21:24 Stone Mining
22:50 Hand Cart
23:45 Bow Saw
23:58 Chain Mail Armor
24:38 Pikeman
29:47 Arson
30:02 Squires
38:08 Imperial Age
39:45 Conscription
Lord Laggington
3:11 Loom
3:26 Loom
9:35 Feudal Age
10:56 Double-Bit Axe
13:18 Bloodlines
14:40 Town Watch
14:59 Horse Collar
16:46 Forging
21:36 Castle Age
19:59 Stone Mining
20:00 Gold Mining
23:26 Wheelbarrow
23:32 Stone Shaft Mining
23:08 Thumb Ring
24:09 Gold Shaft Mining
26:04 Scale Barding Armor
26:24 Heavy Plow
29:21 Fletching
30:02 Bow Saw
30:54 Masonry
30:41 Murder Holes
32:19 Town Patrol
33:15 Ballistics
32:57 Bodkin Arrow
33:04 Padded Archer Armor
33:06 Husbandry
34:13 Hand Cart
39:09 Imperial Age
38:35 Leather Archer Armor
39:24 Capped Ram
40:27 Conscription
41:46 Drill
Connection lost

Rejoining the realm…

Still unreachable

The connection could not be restored.

Session expired

The server has moved on; the page needs a fresh start.